 Dungeon Crawl Stone Soup version 0.29.0-4-gdea44cf6ec (webtiles) character file.

Game seed: 10925355423143871671

23 qw the Chopper (level 2, -2/17 HPs)
             Began as a Tengu Warper on Aug 29, 2022.
             Slain by an adder (4 damage)
             ... on level 2 of the Dungeon.
             The game lasted 00:00:05 (1181 turns).

qw the Chopper (Tengu Warper)                       Turns: 1181, Time: 00:00:05

Health: -2/17      AC:  3    Str: 11    XL:     2   Next: 95%
Magic:  6/6        EV: 11    Int: 13    God:
Gold:   21         SH:  0    Dex: 13    Spells: 5/5 levels left

rFire   . . .      SeeInvis .   Y - +0 hand axe
rCold   . . .      Faith    .   (no shield)
rNeg    . . .      Spirit   .   b - +0 leather armour
rPois   .          Reflect  .   (helmet restricted)
rElec   .          Harm     .   (no cloak)
rCorr   .          Rampage  .   (no gloves)
Will    .....                   (boots unavailable)
Stlth   +.........              (no amulet)
HPRegen 0.05/turn               (no ring)
MPRegen 0.10/turn               (no ring)

@: no status effects
A: beak, talons 3
a: no special abilities


You were on level 2 of the Dungeon.
You visited 1 branch of the dungeon, and saw 2 of its levels.

You collected 21 gold pieces.


Innate Abilities, Weirdness & Mutations

You have a beak for a mouth.
You have claws for feet.


   Skills:
 - Level 2.0 Fighting
 + Level 3.7 Axes
 - Level 1.0 Throwing
 - Level 1.1 Armour
 - Level 2.1 Dodging
 - Level 2.0 Spellcasting
 - Level 2.4 Translocations


You had 5 spell levels left.
You didn't know any spells.
Your spell library contained the following spells:

 Spells                   Type           Power      Damage    Failure   Level
 Blink                    Tloc           14%        N/A       19%         2
 Gell's Gravitas          Tloc           7%         N/A       36%         3
 Lesser Beckoning         Tloc           7%         N/A       36%         3
 Teleport Other           Tloc           7%         N/A       36%         3
 Manifold Assault         Tloc           7%         N/A       98%         5

Inventory:

Hand Weapons
 c - a +0 flail
 Y - a +0 hand axe (weapon)
Missiles
 l - 5 javelins (quivered)
Armour
 b - a +0 leather armour (worn)
Jewellery
 a - a ring of magical power
Potions
 e - a potion of attraction {unknown}
 f - a potion of curing {unknown}
 h - a potion of mutation {unknown}
 j - a potion of lignification {unknown}

Dungeon Overview and Level Annotations

Branches:
Dungeon (2/15)

Altars:


Message History

There is a stone staircase leading up here.
Existing waypoints: (2) D:1 Assign waypoint to what number? (0-9, D - delete waypoint) Waypoint 1 assigned to D:2.
a - a ring of magical power You now have 21 gold pieces (gained 6).
Found a scroll of blinking.
c - a +0 flail
Found a stone staircase leading down.
1160 ||| DROPPING +0 club.
You drop a +0 club.
Found a leather armour.
An adder comes into view.
The adder hisses angrily.
Enter note: You miss the adder.
Your kick misses the adder. The adder bites you but does no damage.
You hit the adder.
The adder is moderately wounded.
The adder barely misses you.
You hit the adder. Your peck misses the adder.
The adder is moderately wounded.
The adder bites you.
You are poisoned.
The adder poisons you! The adder bites you.
You miss the adder.
The adder is moderately wounded.
You feel sick. The adder bites you.
You closely miss the adder.
The adder is moderately wounded.
You feel sick. The adder completely misses you. The adder bites you.
You miss the adder.
The adder is moderately wounded.
You feel sick.
You are no longer poisoned.
The adder bites you.
You closely miss the adder. You claw the adder, but do no damage.
The adder is moderately wounded.
The adder bites you.
You die...

###########
..........#
#.....#.####.#
#[............
#.....@......#
##...##S###.##
########..##
.# ..........#
.. ########.>#
..... ##..#
..#.. ##...#
###.# #...##
#.# ...#
#..#### #.#
##...#


You could see an adder.

Vanquished Creatures
  A bat (D:1)
  3 endoplasms (D:1)
  A giant cockroach (D:1)
  4 goblins (D:1)
  2 hobgoblins (D:1)
  2 jackals (D:1)
  A ball python (D:1)
  A frilled lizard (D:1)
  2 kobolds (D:1)
  3 rats (D:1)
20 creatures vanquished.

Notes
Turn   | Place    | Note
-------+----------+-------------------------------------------
     0 | D:1      | qw the Tengu Warper began the quest for the Orb.
     0 | D:1      | Reached XP level 1. HP: 12/12 MP: 4/4
     0 | D:1      | 0 ||| qw: Version: 0.1-a-89-g26bdef1
     0 | D:1      | 0 ||| qw: Game counter: 3559
     0 | D:1      | 0 ||| qw: Always use a shield: true
     0 | D:1      | 0 ||| qw: God list: Okawaru
     0 | D:1      | 0 ||| qw: Allow faded altars: false
     0 | D:1      | 0 ||| qw: Do Orc after D:15 true
     0 | D:1      | 0 ||| qw: Do second Lair branch before Depths: true
     0 | D:1      | 0 ||| qw: Lair rune preference: random
     0 | D:1      | 0 ||| qw: Plans: Normal
     0 | D:1      | 0 ||| PLANNING D:1-11
   226 | D:1      | 226 ||| Stepping ~*~*~tactically~*~*~ (stealth).
   227 | D:1      | 227 ||| Stepping ~*~*~tactically~*~*~ (stealth).
   232 | D:1      | Reached XP level 2. HP: 17/17 MP: 6/6
   370 | D:1      | 370 ||| Stepping ~*~*~tactically~*~*~ (stealth).
   375 | D:1      | Reached skill level 3 in Axes
  1008 | D:1      | 1008 ||| READING scroll labelled QONWET HUFUA.
  1009 | D:1      | 1009 ||| READING scroll labelled LUMUAVITUTS.
  1110 | D:1      | 1110 ||| READING scroll labelled VEG XOVIUCI.
  1111 | D:1      | 1111 ||| DROPPING scroll of blinking.
  1160 | D:2      | 1160 ||| DROPPING +0 club.
  1179 | D:2      | HP: 4/17 [adder (4)]
  1181 | D:2      | Slain by an adder

Levels and vault maps discovered:
D:1:      dpeg_arrival_triangle_fractal, layout_basic, minmay_cupped
D:2:      layout_loops_ring, chequers_jeans, kennysheep_generic_room_7

Skill      XL: |  1  2 |
---------------+-------+-----
Axes           | 3 |  3.7
Fighting       | |  2.0
Throwing       | |  1.0
Armour         | |  1.1
Dodging        | |  2.1
Spellcasting   | |  2.0
Translocations | |  2.4

Action                   || total
-------------------------++-------
Melee: Hand axe          ||    61
       Peck              ||     5
       Punch             ||     1
       Kick              ||    10
Throw: Boomerang         ||     7
  Use: Scroll            ||     3
Armor: Leather armour    ||    17
Dodge: Dodged            ||    29

Table legend:
 A = Non-vault XP
 B = Vault XP
 C = Vault XP percentage of total XP
 D = Non-vault monster count
 E = Vault monster count
 F = Vault count percentage of total count
                 A         B        C        D         E       F
            +---------+---------+-------+---------+---------+-------
      Total |      28 |       5 |  15.2 |      17 |       3 |  15.0
            +---------+---------+-------+---------+---------+-------
        D:1 |      28 |       5 |  15.2 |      17 |       3 |  15.0
            +---------+---------+-------+---------+---------+-------
